 Dungeon Crawl Stone Soup version 0.28-a0-1555-g9ae15a6949 (webtiles) character file.

Game seed: 14483761197528385177

7783 HallandMoats the Cleaver (level 11, -11/97 HPs)
             Began as a Ghoul Monk on Jan 18, 2022.
             Was an Initiate of Gozag.
             Mangled by a boulder beetle (32 damage)
             ... on level 11 of the Dungeon.
             The game lasted 00:13:14 (13638 turns).

HallandMoats the Cleaver (Ghoul Monk)              Turns: 13638, Time: 00:13:14

Health: -11/97     AC: 15    Str: 20    XL:     11   Next: 20%
Magic:  10/10      EV: 10    Int:  5    God:    Gozag
Gold:   1301       SH:  0    Dex: 11    Spells: 10/10 levels left

rFire   . . .      SeeInvis .   j - +6 whip "Tac Sioch" {flame, *Slow rElec rPois}
rCold   + . .      Faith    .   (no shield)
rNeg    + + +      Spirit   .   b - +0 chain mail
rPois   ∞          Reflect  .   L - +1 helmet
rElec   +          Harm     .   (no cloak)
rCorr   +          Rampage  .   s - +0 pair of gloves
Will    +....                   M - +0 pair of boots
Stlth   ..........              (no amulet)
HPRegen 0.00/turn               f - ring of resist corrosion
MPRegen 0.12/turn               i - ring of willpower

@: inhibited regen
A: claws 1, cold resistance 1, negative energy resistance 3, inhibited
regeneration, torment resistance 2
a: Renounce Religion, Potion Petition, Call Merchant, Bribe Branch


You were on level 11 of the Dungeon.
You worshipped Gozag.
Gozag was most pleased with you.
You visited 1 branch of the dungeon, and saw 11 of its levels.

You collected 1899 gold pieces.
You paid 598 gold pieces to Gozag.

Inventory:

Hand Weapons
 j - the +6 whip "Tac Sioch" (weapon) {flame, *Slow rElec rPois}
   (You took it off a goblin on level 3 of the Dungeon)

   It burns those it strikes, dealing additional fire damage.
   rElec:     It insulates you from electricity.
   rPois:     It protects you from poison.
   *Slow:     It may slow you when you take damage.
Missiles
 p - a throwing net (quivered)
Armour
 b - a +0 chain mail (worn)
 s - a +0 pair of gloves (worn)
 x - a +0 pair of boots
 L - a +1 helmet (worn)
 M - a +0 pair of boots (worn)
Jewellery
 f - a ring of resist corrosion (left hand)
 i - a ring of willpower (right hand)
 r - a ring of protection from fire
 y - a ring of willpower
 A - a ring of fire
 F - an amulet of regeneration
 H - a ring of wizardry
Wands
 q - a wand of iceblast (20)
 I - a wand of acid (4)
Scrolls
 d - a scroll of magic mapping
 h - 7 scrolls of teleportation
 l - a scroll of fog
 m - 2 scrolls of enchant weapon
 o - 4 scrolls of immolation
 w - a scroll of amnesia
 B - a scroll of enchant armour
 K - a scroll of fear
Potions
 a - 2 potions of lignification {unknown}
 e - 2 potions of heal wounds
 g - 2 potions of attraction {unknown}
 k - 5 potions of might {unknown}
 n - 3 potions of curing {unknown}
 t - a potion of invisibility {unknown}
 u - 2 potions of flight {unknown}
 v - 2 potions of resistance {unknown}
 z - 2 potions of magic {unknown}
 D - a potion of degeneration {unknown}
 E - a potion of haste {unknown}
 G - a potion of berserk rage {unknown}
 J - a potion of brilliance {unknown}


   Skills:
 + Level 9.0 Fighting
 * Level 9.9 Axes
 + Level 6.9 Armour
 + Level 7.5 Dodging
 - Level 2.1 Stealth
 - Level 3.2 Unarmed Combat


You had 10 spell levels left.
You didn't know any spells.
Your spell library contained the following spells:

 Spells                   Type           Power      Damage    Failure   Level
 Animate Skeleton         Necr           0%         N/A       99%         1
 Olgreb's Toxic Radiance  Pois           0%         N/A       100%        4
 Fireball                 Conj/Fire      0%         3d3       100%        5
 Starburst                Conj/Fire      0%         6d3       100%        6
 Ozocubu's Refrigeration  Ice            0%         4d5       100%        7
 Ignition                 Fire           0%         3d3       100%        8


Dungeon Overview and Level Annotations

Branches:
Dungeon (11/15)            Temple (0/1) D:6            Lair (0/6) D:10
    Orc (0/2) D:9

Altars:
Dithmenos
Fedhas
Gozag
Hepliaklqana
Kikubaaqudgha
Makhleb
Okawaru
Qazlal
Sif Muna
Trog
Vehumet
Zin
The Shining One

Shops:
D:6 (


Innate Abilities, Weirdness & Mutations

You thrive by killing the living.
You are immune to poison.
You have sharp fingernails.
Your flesh is cold resistant. (rC+)
You are immune to negative energy. (rN+++)
You do not regenerate when monsters are visible.
You are immune to unholy pain and torment.


Message History

You closely miss the wraith.
The wraith is severely damaged.
The wraith hits you. The wraith drains your vigour!
You feel yourself slow down.
You whack the wraith! You burn the wraith.
You destroy the wraith!
You now have 1301 gold pieces (gained 8).
There is an open door here.
You feel yourself speed up.
HP restored.
There is an open door here.
The boulder beetle waves its antennae.
The boulder beetle leaps!
A boulder beetle is nearby!
A boulder beetle is nearby!
A boulder beetle is nearby!
The boulder beetle leaps!
The boulder beetle leaps!
The boulder beetle bites you!!
You hit the boulder beetle but do no damage.
The boulder beetle bites you.
You hit the boulder beetle but do no damage.
The boulder beetle leaps!
The boulder beetle curls into a ball and begins rolling!
The boulder beetle hits you!!
The boulder beetle stops rolling and uncurls.
You are too injured to fight recklessly!
You are too injured to fight recklessly!
You feel much better. The boulder beetle bites you!!
Okay, then.
The boulder beetle curls into a ball and begins rolling!
The boulder beetle hits you!
* * * LOW HITPOINT WARNING * * *
The boulder beetle stops rolling and uncurls.
The boulder beetle curls into a ball and begins rolling!
There is an open door here.
There's a creature in the doorway!
The boulder beetle hits you!!
You die...
Your body crumbles into a pile of gold.

.......'..........#
#........
.......#.}........#
#........
.#####'######'#####
######'##
.#..#..#......#..#
#..#.....
.#.?'..#......#..#
#..'.....
########..##..##.##
####..###### # ...
#....#..# #..#...# # # ..
#^...#..# #..#...# # ##
.####....#@.# .#..'...# .#
.# #.......##B#..#..#...#
..# .#
#........°....#..#####...#
###
####....°..####..#.......#
..#
#....#..#..#..#.......#
..#
#....#..#..#..#.......#
..#
$#...°#..#..#..........#
..#
#....####.....#####...#
..# #....#..#.........# #


You could see a boulder beetle (rolling).

Vanquished Creatures
  A two-headed ogre (D:8)
  Pikel (D:6)
  An oklob plant (D:10)
  Grinder (D:6)
  A wraith (D:11)
  A wyvern (D:11)
  5 yaks (D:10)
  3 vampire mosquitoes (D:11)
  Duvessa (D:6)
  An acid dragon (D:10)
  4 water moccasins
  2 orc warriors
  2 sky beasts
  2 black bears
  An ogre (D:5)
  6 centaurs
  3 necrophages
  A phantom (D:5)
  2 kobold brigands
  A lemure (D:6)
  3 bullfrogs (D:9)
  2 scorpions
  A water moccasin zombie (D:6)
  Dowan (D:6)
  16 killer bees
  6 wights
  A howler monkey (D:9)
  3 centaur zombies
  A crimson imp (D:4)
  2 hounds
  A gnoll shaman (D:10)
  3 orc priests
  A jelly (D:7)
  3 iguanas
  8 orc wizards
  A killer bee zombie (D:7)
  A howler monkey skeleton (D:5)
  5 adders
  7 gnolls
  4 shadow imps
  A white imp (D:8)
  A worm (D:4)
  7 dart slugs
  17 orcs
  6 ball pythons
  3 bats
  6 endoplasms
  4 giant cockroaches
  6 hobgoblins
  3 jackals (D:1)
  12 kobolds
  5 quokkas
  2 frilled lizards (D:1)
  7 goblins
  4 hobgoblin zombies (D:4)
  An orc skeleton (D:4)
  2 orc zombies (D:4)
  4 rats
201 creatures vanquished.

Vanquished Creatures (others)
  A wizard (D:6)
  An orc wizard (D:8)
  A plant (D:10)
3 creatures vanquished.

Grand Total: 204 creatures vanquished

Notes
Turn   | Place    | Note
-------+----------+-------------------------------------------
     0 | D:1      | HallandMoats the Ghoul Monk began the quest for the Orb.
     0 | D:1      | Reached XP level 1. HP: 19/19 MP: 0/0
   113 | D:1      | Found a faded altar of an unknown god.
   118 | D:1      | Prayed at the altar of an unknown god.
   118 | D:1      | Became a worshipper of Gozag Ym Sagoz the Greedy
   279 | D:1      | Reached XP level 2. HP: 25/26 MP: 1/1
   410 | D:1      | Reached skill level 1 in Axes
   485 | D:1      | Reached XP level 3. HP: 31/31 MP: 2/2
   951 | D:2      | Reached skill level 1 in Armour
   963 | D:2      | Reached XP level 4. HP: 25/40 MP: 3/3
  1673 | D:3      | Reached XP level 5. HP: 46/46 MP: 4/4
  1725 | D:3      | Noticed a sky beast
  1766 | D:3      | Killed a sky beast
  2090 | D:2      | Reached XP level 6. HP: 19/53 MP: 5/5
  2319 | D:3      | Identified the +6 whip "Tac Sioch" {flame, *Slow rElec
                  | rPois}
  3344 | D:4      | Found a burning altar of Makhleb.
  3378 | D:4      | Reached XP level 7. HP: 27/60 MP: 6/6
  3387 | D:4      | HP: 2/60 [orc (5)]
  3788 | D:5      | Entered Level 5 of the Dungeon
  3846 | D:5      | Found a blossoming altar of Fedhas.
  3961 | D:5      | Reached skill level 5 in Fighting
  4333 | D:5      | Reached skill level 5 in Axes
  4333 | D:5      | Reached XP level 8. HP: 67/69 MP: 7/7
  4761 | D:5      | Found a hazy altar of Hepliaklqana.
  5595 | D:6      | Found a bloodstained altar of Trog.
  5596 | D:6      | Noticed a wizard
  5602 | D:6      | Killed a wizard
  5667 | D:6      | Reached skill level 5 in Dodging
  5700 | D:6      | Found a staircase to the Ecumenical Temple.
  5784 | D:6      | Noticed Grinder
  5797 | D:6      | Killed Grinder
  5798 | D:6      | Reached XP level 9. HP: 62/77 MP: 8/8
  5920 | D:6      | Found Xivuenwa's Weapon Shop.
  5942 | D:6      | Noticed Dowan
  5942 | D:6      | Noticed Duvessa
  5956 | D:6      | Killed Duvessa
  5960 | D:6      | Killed Dowan
  6186 | D:6      | Noticed Pikel
  6207 | D:6      | Killed Pikel
  6423 | D:6      | Reached skill level 5 in Armour
  6586 | D:7      | Found a shimmering blue altar of Sif Muna.
  6587 | D:7      | Found an ancient bone altar of Kikubaaqudgha.
  6587 | D:7      | Found a radiant altar of Vehumet.
  6590 | D:7      | Got Kikubaaqudgha's Disquisition on Stolen Souls
  7181 | D:7      | Found an iron altar of Okawaru.
  7545 | D:8      | Reached XP level 10. HP: 71/86 MP: 9/9
  8000 | D:8      | Noticed a two-headed ogre
  8008 | D:8      | Killed a two-headed ogre
  8456 | D:9      | Found a stormy altar of Qazlal.
  8732 | D:9      | Found a staircase to the Orcish Mines.
  9700 | D:10     | Entered Level 10 of the Dungeon
  9742 | D:10     | Found a shadowy altar of Dithmenos.
  9841 | D:10     | Found a staircase to the Lair.
  9844 | D:10     | Noticed an oklob plant
 10153 | D:10     | HP: 2/88 [oklob plant/splash of acid (9)]
 10538 | D:10     | Killed an oklob plant
 11682 | D:10     | Reached XP level 11. HP: 89/95 MP: 10/10
 13393 | D:11     | Noticed a boulder beetle
 13638 | D:11     | Mangled by a boulder beetle

Illustrated notes

Levels and vault maps discovered:
D:1:      wander_arrival_peaceful_grave, layout_loops_ring,
          shapermc_ecumenical_altar_petra
D:2:      layout_rooms
D:3:      layout_basic, serial_forest, infiniplex_forest_end_2,
          infiniplex_forest_corner_1, infiniplex_forest_lined_room_2,
          infiniplex_forest_straight_4, infiniplex_forest_fountain,
          infiniplex_forest_lined_2
D:4:      layout_gridville, bloody_makhleb, nicolae_tso_besieged_by_evil,
          hangedman_decor_points
D:5:      layout_loops_corners, fedhas_ov_isle_minmay,
          mainiacjoe_overflow_concentric_impassable
D:6:      layout_basic, trog_wizard, zin_statuary,
          minmay_temple_entry_statues_fountains, serial_shops, shop,
          minmay_misc_feat_x, grunt_decor_arrowhead, uniq_grinder, uniq_duvessa,
          uniq_pikel
D:7:      layout_cave_pools, grunt_temple_overflow_magic_moments,
          mainiacjoe_overflow_boulevard
D:8:      layout_loops_ring, nicolae_figureground_sparkle
D:9:      layout_loops_corners, grunt_qazlal_clouds, david_orc_2
D:10:     layout_cave_pods, mainiacjoe_overflow_surrounded_room,
          dpeg_oklobed_lair
D:11:     layout_grid_maze

Skill      XL: |  1  2  3  4  5  6  7  8  9 10 11 |
---------------+----------------------------------+-----
Axes           | 1 2 3 5 6 7 9 |  9.9
Dodging        | 3 4 5 6 7 |  7.5
Armour         | 1 2 3 4 5 6 |  6.9
Fighting       | 4 5 6 7 8 9 |  9.0
Stealth        | |  2.1
Unarmed Combat | |  3.2

Action                   |  1- 3 |  4- 6 |  7- 9 | 10-12 || total
-------------------------+-------+-------+-------+-------++-------
Melee: Unarmed           |   100 |   142 |       |       ||   242
       Punch             |     4 |     6 |    13 |     8 ||    31
       Whip              |       |    66 |   271 |   427 ||   764
Invok: Potion Petition   |       |       |       |     1 ||     1
  Use: Scroll            |       |       |       |    10 ||    10
       Potion            |       |       |       |     1 ||     1
 Stab: Distracted        |       |     1 |       |     1 ||     2
       Invisible         |       |       |       |     1 ||     1
Armor: Chain mail        |    48 |   123 |   152 |   193 ||   516
Dodge: Dodged            |    30 |    81 |   111 |   175 ||   397

Table legend: (Time is in decaauts)
 A = Elapsed time spent in this place.
 B = Non-inter-level travel time spent in this place.
 C = Inter-level travel time spent in this place.
 D = Time resting spent in this place.
 E = Time spent auto-exploring this place.
 F = Levels seen in this place.
 G = Mean time per level.
                   A        B        C        D        E       F      G
               +--------+--------+--------+--------+--------+-----+--------+
         Total |  13558 |  13001 |    557 |   1225 |   9894 |  11 | 1232.5 |
       Dungeon |  13558 |  13001 |    557 |   1225 |   9894 |  11 | 1232.5 |
               +--------+--------+--------+--------+--------+-----+--------+

Top non-repeatable levels by time:
    D:10: 2527 daAuts
    D:11: 1373 daAuts
     D:5: 1336 daAuts
     D:9: 1295 daAuts
     D:6: 1249 daAuts
     D:4: 1147 daAuts
     D:2: 968 daAuts
     D:7: 966 daAuts
     D:3: 937 daAuts
     D:8: 898 daAuts
     D:1: 857 daAuts
